UAA
RICHLAND RAILS @ LEUPP ARROWHEADS
07/20/2017
 
TOP OF THE 1ST
Richland Rails batting - Pitching for Leupp Arrowheads : RHP Jim Unknown
Pitching: RHP Jim Unknown
Batting: RHB Alexis Smeddon 0-0: Called Strike
0-1: Ball
1-1: Foul Ball, location: 2F
1-2: Fly out, F8 (Flyball, 8LS)
Batting: RHB Larry Brown 0-0: Called Strike
0-1: Ball
1-1: Ground out 5-3 (Groundball, 56)
Batting: RHB Miguel Vidro 0-0: Ball
1-0: Called Strike
1-1: Foul Ball, location: 2F
1-2: Foul Ball, location: 2F
1-2: Ball
2-2: Foul Ball, location: 2F
2-2: Foul Ball, location: 2F
2-2: Foul Ball, location: 2F
2-2: Ball
3-2: Strikes out swinging
Top of the 1st over - 0 run(s), 0 hit(s), 0 error(s), 0 left on base; Richland 0 - Leupp 0
BOTTOM OF THE 1ST
Leupp Arrowheads batting - Pitching for Richland Rails : RHP Tom Jones
Pitching: RHP Tom Jones
Batting: SHB Alan Manor 0-0: Ball
1-0: Called Strike
1-1: Ball
2-1: Ball
3-1: Foul Ball, location: 2F
3-2: SINGLE (Line Drive, 9S)
Batting: RHB Randy Galloway 0-0: Ball
1-0: Ball
2-0: Ball
3-0: Base on Balls
Alan Manor to second
Batting: SHB Juan Gil 0-0: Ball
1-0: Fly out, F8 (Line Drive, 8RM)
Batting: RHB Nick Hatfield 0-0: Ball
1-0: Fielders Choice at 2nd, 6-4 (Groundball, 6)
Alan Manor to third
Batting: RHB Brent Burgess 0-0: Ball
1-0: Ball
2-0: Ball
3-0: Base on Balls
Nick Hatfield to second
Batting: LHB Horace Ritchie 0-0: Ball
1-0: Ball
2-0: Ball
3-0: Base on Balls
Alan Manor scores
Nick Hatfield to third
Brent Burgess to second
Batting: RHB Keith Best 0-0: Foul Ball, location: 2F
0-1: Called Strike
0-2: Foul Ball, location: 2F
0-2: Ball
1-2: Fielders Choice at 2nd, 6-4 (Groundball, 6MS)
Bottom of the 1st over - 1 run(s), 1 hit(s), 0 error(s), 2 left on base; Richland 0 - Leupp 1
TOP OF THE 2ND
Richland Rails batting - Pitching for Leupp Arrowheads : RHP Jim Unknown
Batting: RHB Gustavo Berrios 0-0: Ball
1-0: Ball
2-0: Ball
3-0: Base on Balls
Batting: RHB Andrew Hall 0-0: Ball
1-0: DOUBLE (Line Drive, 78M)
Gustavo Berrios to third
Batting: SHB Raymond Bright 0-0: Called Strike
0-1: Ball
1-1: 3-RUN HOME RUN (Flyball, 9D), Distance : 376 ft
Batting: SHB Shelby Reusch 0-0: Ball
1-0: Swinging Strike
1-1: Foul Ball, location: 2F
1-2: Fly out, F7 (Line Drive, 7M)
Batting: RHB José Guerra 0-0: Ball
1-0: Ground out 6-3 (Groundball, 6)
Batting: RHB Jack Davis 0-0: Called Strike
0-1: Foul Ball, location: 2F
0-2: Ball
1-2: Ground out 1-3 (Groundball, 13S)
Top of the 2nd over - 3 run(s), 2 hit(s), 0 error(s), 0 left on base; Richland 3 - Leupp 1
BOTTOM OF THE 2ND
Leupp Arrowheads batting - Pitching for Richland Rails : RHP Tom Jones
Batting: RHB Jim Unknown 0-0: Ball
1-0: Swinging Strike
1-1: SOLO HOME RUN (Line Drive, 7D), Distance : 376 ft
Batting: SHB Artie Hemming 0-0: Ball
1-0: Ground out 3-1 (Groundball, 34)
Batting: SHB Alan Manor 0-0: Called Strike
0-1: Foul Ball, location: 2F
0-2: Ball
1-2: Ball
2-2: Ground out 4-3 (Groundball, 4)
Batting: RHB Randy Galloway 0-0: Fly out, F7 (Flyball, 7M)
Bottom of the 2nd over - 1 run(s), 1 hit(s), 0 error(s), 0 left on base; Richland 3 - Leupp 2
TOP OF THE 3RD
Richland Rails batting - Pitching for Leupp Arrowheads : RHP Jim Unknown
Batting: RHB Alexis Smeddon 0-0: SINGLE (Groundball, 6MD)
Batting: RHB Larry Brown 0-0: Ball
1-0: Foul Ball, location: 2F
1-1: Ball
Wild Pitch!
Alexis Smeddon to second
2-1: Fly out, F8 (Flyball, 8LM)
Batting: RHB Miguel Vidro 0-0: Ball
1-0: Called Strike
1-1: Ball
2-1: Swinging Strike
2-2: Ball
3-2: Strikes out swinging
Batting: RHB Gustavo Berrios 0-0: Foul Ball, location: 2F
0-1: Foul Ball, location: 2F
0-2: Ball
1-2: Strikes out swinging
Top of the 3rd over - 0 run(s), 1 hit(s), 0 error(s), 1 left on base; Richland 3 - Leupp 2
BOTTOM OF THE 3RD
Leupp Arrowheads batting - Pitching for Richland Rails : RHP Tom Jones
Batting: SHB Juan Gil 0-0: Ball
1-0: Fly out, F5 (Popup, 15S)
Batting: RHB Nick Hatfield 0-0: Foul Ball, location: 2F
0-1: Ground out 4-3 (Groundball, 4)
Batting: RHB Brent Burgess 0-0: Fly out, F9 (Flyball, 89M)
Bottom of the 3rd over - 0 run(s), 0 hit(s), 0 error(s), 0 left on base; Richland 3 - Leupp 2
TOP OF THE 4TH
Richland Rails batting - Pitching for Leupp Arrowheads : RHP Jim Unknown
Batting: RHB Andrew Hall 0-0: Ball
1-0: Ground out 4-3 (Groundball, 4)
Batting: SHB Raymond Bright 0-0: Called Strike
0-1: Fly out, F9 (Flyball, 89M)
Batting: SHB Shelby Reusch 0-0: Called Strike
0-1: SOLO HOME RUN (Flyball, 9D), Distance : 375 ft
Batting: RHB José Guerra 0-0: Swinging Strike
0-1: Foul Ball, location: 2F
0-2: Strikes out swinging
Top of the 4th over - 1 run(s), 1 hit(s), 0 error(s), 0 left on base; Richland 4 - Leupp 2
BOTTOM OF THE 4TH
Leupp Arrowheads batting - Pitching for Richland Rails : RHP Tom Jones
Batting: LHB Horace Ritchie 0-0: Ball
1-0: Called Strike
1-1: Ball
2-1: Swinging Strike
2-2: Strikes out swinging
Batting: RHB Keith Best 0-0: Called Strike
0-1: Ball
1-1: Ball
2-1: Ball
3-1: Ground out U3 (Groundball, 3)
Batting: RHB Jim Unknown 0-0: Called Strike
0-1: Ball
1-1: Ball
2-1: Called Strike
2-2: SINGLE (Groundball, 56D)
Batting: SHB Artie Hemming 0-0: Called Strike
0-1: Ball
1-1: Ball
2-1: Foul Ball, location: 2F
2-2: Ball
3-2: Base on Balls
Jim Unknown to second
Batting: SHB Alan Manor 0-0: Called Strike
0-1: Called Strike
0-2: Ball
1-2: Foul Ball, location: 2F
1-2: Reached on error, E4 (Groundball, 4)
Jim Unknown to third
Artie Hemming to second
Batting: RHB Randy Galloway 0-0: Swinging Strike
0-1: Fly out, F7 (Flyball, 78D)
Bottom of the 4th over - 0 run(s), 1 hit(s), 1 error(s), 3 left on base; Richland 4 - Leupp 2
TOP OF THE 5TH
Richland Rails batting - Pitching for Leupp Arrowheads : RHP Jim Unknown
Batting: RHB Jack Davis 0-0: Swinging Strike
0-1: Called Strike
0-2: Ball
1-2: Ball
2-2: Strikes out swinging
Batting: RHB Alexis Smeddon 0-0: Ball
1-0: Fly out, F7 (Flyball, 78M)
Batting: RHB Larry Brown 0-0: Called Strike
0-1: SOLO HOME RUN (Flyball, 7LD), Distance : 359 ft
Pitching: RHP Iván Ledesma Jr.
Batting: RHB Miguel Vidro 0-0: Called Strike
0-1: Swinging Strike
0-2: Strikes out looking
Top of the 5th over - 1 run(s), 1 hit(s), 0 error(s), 0 left on base; Richland 5 - Leupp 2
BOTTOM OF THE 5TH
Leupp Arrowheads batting - Pitching for Richland Rails : RHP Tom Jones
Batting: SHB Juan Gil 0-0: Foul Ball, location: 2F
0-1: Swinging Strike
0-2: Strikes out swinging
Batting: RHB Nick Hatfield 0-0: SINGLE (Line Drive, 4)
Batting: RHB Brent Burgess 0-0: Ball
1-0: Ball
2-0: SINGLE (Line Drive, 3D)
Nick Hatfield to second
Batting: LHB Horace Ritchie 0-0: Ball
1-0: Ball
2-0: Ball
3-0: Base on Balls
Nick Hatfield to third
Brent Burgess to second
Batting: RHB Keith Best 0-0: Fly out, F3 (Popup, 3SF)
Batting: RHB Jim Unknown 0-0: Called Strike
0-1: Swinging Strike
0-2: Ground out 5-3 (Groundball, 56S)
Bottom of the 5th over - 0 run(s), 2 hit(s), 0 error(s), 3 left on base; Richland 5 - Leupp 2
TOP OF THE 6TH
Richland Rails batting - Pitching for Leupp Arrowheads : RHP Iván Ledesma Jr.
Batting: RHB Gustavo Berrios 0-0: Ball
1-0: Called Strike
1-1: Called Strike
1-2: Strikes out swinging, 2-3 out at first.
Batting: RHB Andrew Hall 0-0: Ball
1-0: Ball
2-0: Foul Ball, location: 2F
2-1: Foul Ball, location: 2F
2-2: Foul Ball, location: 2F
2-2: SINGLE (Line Drive, 4D)
Batting: SHB Raymond Bright 0-0: Called Strike
0-1: Ball
1-1: Called Strike
1-2: Foul Ball, location: 2F
1-2: Ball
2-2: Strikes out swinging
Batting: SHB Shelby Reusch 0-0: Fielders Choice at 2nd, U6 (Groundball, 6M)
Top of the 6th over - 0 run(s), 1 hit(s), 0 error(s), 1 left on base; Richland 5 - Leupp 2
BOTTOM OF THE 6TH
Leupp Arrowheads batting - Pitching for Richland Rails : RHP Tom Jones
Batting: SHB Artie Hemming 0-0: Ball
1-0: SINGLE (Groundball, 2L) (infield hit)
Batting: SHB Alan Manor 0-0: Called Strike
0-1: Hit by Pitch
Artie Hemming to second
Batting: RHB Randy Galloway 0-0: Ball
1-0: Fly out, F7 (Popup, 6D)
Batting: SHB Juan Gil 0-0: SINGLE (Groundball, 34)
Artie Hemming to third
Alan Manor to second
Batting: RHB Nick Hatfield 0-0: Called Strike
0-1: Fly out, F4 (Popup, 34D)
Batting: RHB Brent Burgess 0-0: Called Strike
0-1: Swinging Strike
0-2: Ball
1-2: SINGLE (Line Drive, 9LS)
Artie Hemming scores
Alan Manor to third
Juan Gil to second
Runner from 3rd tries for Home, SAFE, throw made home
Juan Gil to third
Brent Burgess to second
Batting: LHB Horace Ritchie 0-0: Ball
Wild Pitch!
Juan Gil scores
Brent Burgess to third
1-0: Ball
2-0: Ball
3-0: Called Strike
3-1: Base on Balls
Pitching: RHP Roberto Gómez
Batting: RHB Keith Best 0-0: Called Strike
0-1: Foul Ball, location: 2F
0-2: Ball
1-2: Fly out, F3 (Line Drive, 3)
Bottom of the 6th over - 3 run(s), 3 hit(s), 0 error(s), 2 left on base; Richland 5 - Leupp 5
TOP OF THE 7TH
Richland Rails batting - Pitching for Leupp Arrowheads : RHP Iván Ledesma Jr.
Pinch Hitting: RHB Roger Osborne 0-0: Ball
1-0: Called Strike
1-1: Ball
2-1: Foul Ball, location: 2F
2-2: Fly out, F3 (Popup, 3DF)
Batting: RHB Jack Davis 0-0: Called Strike
0-1: Ball
1-1: Fly out, F9 (Flyball, 89M)
Pinch Hitting: RHB Jim Unknown 0-0: Foul Ball, location: 2F
0-1: Ball
1-1: DOUBLE (Flyball, 8LXD)
Pinch Hitting: LHB Kevin Montgomery 0-0: Ball
1-0: Called Strike
1-1: SINGLE (Flyball, 7S)
Jim Unknown to third
Batting: RHB Miguel Vidro 0-0: Ball
1-0: Ball
2-0: Called Strike
2-1: Called Strike
2-2: Strikes out swinging
Top of the 7th over - 0 run(s), 2 hit(s), 0 error(s), 2 left on base; Richland 5 - Leupp 5
BOTTOM OF THE 7TH
Leupp Arrowheads batting - Pitching for Richland Rails : RHP Roberto Gómez
Now at SS: Jim Unknown
Now in CF: Kevin Montgomery
Now in RF: Roger Osborne
Batting: RHB Jim Unknown 0-0: Swinging Strike
0-1: Ball
1-1: Swinging Strike
1-2: Foul Ball, location: 2F
1-2: SOLO HOME RUN (Flyball, 7LD), Distance : 349 ft
Batting: SHB Artie Hemming 0-0: Called Strike
0-1: Ball
1-1: Ball
2-1: SINGLE (Line Drive, 34)
Batting: SHB Alan Manor 0-0: Bunted foul
0-1: Ball
1-1: Ball
2-1: Sac Bunt - play at first, batter OUT! 1-4
Artie Hemming to second
Batting: RHB Randy Galloway 0-0: Ball
1-0: SINGLE (Groundball, 6MD)
Artie Hemming to third
Runner from 3rd tries for Home, SAFE, no throw or cutoff
Pitching: RHP Albert Blake
Batting: SHB Juan Gil 0-0: Called Strike
0-1: Ball
1-1: Ball
2-1: Grounds into double play, 4-6-3 (Groundball, 4)
Bottom of the 7th over - 2 run(s), 3 hit(s), 0 error(s), 0 left on base; Richland 5 - Leupp 7
TOP OF THE 8TH
Richland Rails batting - Pitching for Leupp Arrowheads : RHP Iván Ledesma Jr.
Pitching: RHP Ramón Elizondo
Batting: RHB Gustavo Berrios 0-0: Ball
1-0: Swinging Strike
1-1: Ball
2-1: Called Strike
2-2: Ball
3-2: SINGLE (Line Drive, 34D)
Batting: RHB Andrew Hall 0-0: Ball
1-0: Ball
2-0: Fly out, F8 (Flyball, 8RM)
Batting: SHB Raymond Bright 0-0: Called Strike
0-1: Foul Ball, location: 2F
0-2: Fielders Choice at 2nd, 3-6 (Groundball, 3)
Batting: SHB Shelby Reusch 0-0: Ball
1-0: Ball
2-0: Foul Ball, location: 2F
2-1: Swinging Strike
2-2: Strikes out swinging
Top of the 8th over - 0 run(s), 1 hit(s), 0 error(s), 1 left on base; Richland 5 - Leupp 7
BOTTOM OF THE 8TH
Leupp Arrowheads batting - Pitching for Richland Rails : RHP Albert Blake
Batting: RHB Nick Hatfield 0-0: Called Strike
0-1: Ball
1-1: Foul Ball, location: 2F
1-2: Strikes out swinging
Batting: RHB Brent Burgess 0-0: Ball
1-0: Called Strike
1-1: Swinging Strike
1-2: Ball
2-2: Fly out, F9 (Flyball, 89M)
Batting: LHB Horace Ritchie 0-0: Foul Ball, location: 2F
0-1: Ball
1-1: Swinging Strike
1-2: Strikes out swinging
Bottom of the 8th over - 0 run(s), 0 hit(s), 0 error(s), 0 left on base; Richland 5 - Leupp 7
TOP OF THE 9TH
Richland Rails batting - Pitching for Leupp Arrowheads : RHP Ramón Elizondo
Pitching: LHP Hank Downey
Batting: RHB Roger Osborne 0-0: Called Strike
0-1: Foul Ball, location: 2F
0-2: Ground out 5-3 (Groundball, 56)
Batting: RHB Jack Davis 0-0: Ball
1-0: Ball
2-0: Called Strike
2-1: Swinging Strike
2-2: Foul Ball, location: 2F
2-2: Ball
3-2: Ground out 5-3 (Groundball, 5L)
Batting: RHB Jim Unknown 0-0: Ball
1-0: Called Strike
1-1: Ball
2-1: Fly out, F8 (Flyball, 8RS)
Top of the 9th over - 0 run(s), 0 hit(s), 0 error(s), 0 left on base; Richland 5 - Leupp 7
This league is powered by Out of the Park Baseball, the baseball management simulation game for PC, Mac and Linux
Saturday, February 27th, 2021 - OOTP Baseball 15.6 Build 34